Unix NetHack Version 5.0.0-0 post-release - last build Jul 14 2026 02:55:29 (1809b74e8187c3a3585e283601c3028b46cbbdcb,branch:main).

Game began 2026-07-17 17:23:16, ended 2026-07-17 22:33:00.

Kewl, lawful female dwarven Valkyrie

                                    ----------------
                                    |..............|
                     `##############-..............|
                                    |...<...........#
                                    -----.----------##
                                         #           ##
                                         #            ##
                                         #             #
                                         #             #
                            #            #             #
                       ######            #             #
                           ###           #             U+
                           # ###         #
                           ##  ##        #
                            ##  ##-------.--
                                 #|..).....|
                                 #|........|
                                 #.........|
                                  ----------

Kewl the Umber Hulk         St:18/** Dx:14 Co:17 In:9 Wi:8 Ch:8  Lawful
Dlvl:4  $:63 HP:37(37) Pw:5(5) AC:-3 HD:9 T:1784 

Latest messages:
 a - a corroded +1 dwarvish spear (weapon in right hand).
 What do you want to wield? [- abqy or ?*] ?
 Never mind.
 What do you want to wear? [coz or ?*] <esc>
 Never mind.
 What do you want to wear? [coz or ?*] ?
 You finish your dressing maneuver.
 What do you want to wear? [cz or ?*] ?
 You are now wearing a small shield.
 What do you want to wear? [z or ?*] ?
 What do you want to wear? [z or ?*] z
 You are now wearing a dwarvish cloak.
 You don't have anything else to wear.
 What do you want to wield? [- abqy or ?*] <esc>
 Never mind.
 The iguana bites!
 You hit the iguana!
 You miss the iguana.
 The iguana bites!
 You miss the iguana.
 The iguana misses!
 You kill the iguana!
 There is an iguana corpse here; eat it? [ynq] (n) y
 This iguana corpse is tough.
 You finish eating the iguana corpse.
 k - a scroll called light.
 You see here a homunculus corpse.
 You hear the chime of a cash register.
 You descend the stairs.
 You hear someone counting gold coins.
 You hear someone cursing shoplifters.
 You swap places with your kitten.
 You hear a chugging sound.
 Something is written here in the dust.
 You read: "Closed for inventory".
 You turn into an umber hulk!
 The clasp on your cloak breaks open!
 Use the command #monster to gaze at monsters.
 What do you want to throw? [$bqy or ?*] ?
 Never mind.
 What do you want to remove? [nw or ?*] ?
 You can't.  It is cursed.
 What do you want to ready? [- $bqy or ?*] <esc>
 Never mind.
 Really quit without saving? [yn] (n) y
 Do you want your possessions identified? [ynq] (y) y
 Do you want to see your attributes? [ynq] (y) y
 Do you want an account of creatures vanquished? [ynaq] (y) y
 Do you want to see your conduct and achievements? [ynq] (y) y
 Do you want to see the dungeon overview? [ynq] (y) y

Inventory:
 Coins    ('$')
  $ - 63 gold pieces
 Weapons  (')')
  b - a +0 dagger (alternate weapon; not wielded)
  a - a corroded +1 dwarvish spear (weapon in right foreclaw)
  y - a +0 elven dagger (at the ready)
  q - a +0 orcish dagger
 Armor    ('[')
  o - an uncursed +0 orcish helm (being worn)
  c - an uncursed +3 small shield (being worn)
 Comestibles  ('%')
  s - an uncursed slime mold
  t - an uncursed carrot
  d - 2 uncursed food rations
  u - an uncursed lembas wafer
  x - an uncursed pancake
  I - an uncursed pear
  e - an uncursed egg
 Scrolls  ('?')
  v - a blessed scroll of light
  k - an uncursed scroll of light
  m - an uncursed scroll of scare monster
 Potions  ('!')
  h - an uncursed potion of enlightenment
  f - 2 uncursed potions of healing
  l - a cursed potion of healing
 Rings    ('=')
  n - an uncursed ring of free action (on right foreclaw)
  w - a cursed ring of polymorph (on left foreclaw)
 Wands    ('/')
  j - a wand of fire (0:4)
 Gems/Stones  ('*')
  i - an uncursed worthless piece of yellowish brown glass

Kewl the Valkyrie's attributes:

Background:
 You were in female umber hulk form.
 You were actually a Skirmisher, a level 4 dwarven Valkyrie.
 You were lawful, on a mission for Tyr
 who was opposed by Odin (neutral) and Loki (chaotic).
 You were normally right-handed.
 You were in the Dungeons of Doom, on level 4.
 You entered the dungeon 1784 turns ago.
 It was nighttime.
 There was a new moon in effect when your adventure ended.

Basics:
 You had all 37 hit points.
 You had all 5 energy points (spell power).
 You had 9 hit dice.
 Your armor class was -3.
 Your wallet contained 63 zorkmids.
 Autopickup was off.

Final Characteristics:
 Your strength was 18/100.
 Your dexterity was 14.
 Your constitution was 17.
 Your intelligence was 9.
 Your wisdom was 8.
 Your charisma was 8.

Final Status:
 You were transformed.
 You weren't hungry.
 You were unencumbered.
 You were wielding a spear.
 You had basic skill with spear.

Final Attributes:
 You were devoutly aligned.
 You were cold resistant.
 You were stealthy.
 You were polymorphing periodically.
 You were polymorphed into an umber hulk.
 You had free action.
 You survived.

Miscellaneous:
 You didn't encounter any bones levels.
 Total elapsed playing time was 37 minutes and 17 seconds.

Major events:
 Turn
    1: Kewl the lawful dwarven Valkyrie entered the dungeon
 1144: attained the rank of Skirmisher (level 3)
 1784: quit

You didn't know any spells.

Skills:
 Fighting Skills
   bare handed combat [Unskilled]
   two weapon combat  [Unskilled]
   riding             [Unskilled]
 Weapon Skills
   dagger             [Basic]
   axe                [Unskilled]
   pick-axe           [Unskilled]
   short sword        [Unskilled]
   broadsword         [Unskilled]
   long sword         [Unskilled]
   two-handed sword   [Unskilled]
   saber              [Unskilled]
   hammer             [Unskilled]
   quarterstaff       [Unskilled]
   polearms           [Unskilled]
   spear              [Basic]
   trident            [Unskilled]
   lance              [Unskilled]
   sling              [Unskilled]
 Spellcasting Skills
   attack spells      [Unskilled]
   escape spells      [Unskilled]

Voluntary challenges:
 Character rerolling was not enabled.
 You never genocided any monsters.
 You never polymorphed an object.
 You used no wishes.
Achievements:
 You entered a shop.
 You attained the rank of Skirmisher.

 The Dungeons of Doom: levels 1 to 4
    Level 1:
       Some fountains.
    Level 2:
       A general store, a fountain.
    Level 3:
       A general store.
    Level 4: <- You were here.


Vanquished creatures:
  a small mimic
  a homunculus
 an iguana
  2 hobbits
  2 yellow molds
  a green mold
  a gecko
  5 jackals
  a fox
  a kobold
  3 goblins
  a grid bug
  a kobold zombie
  9 newts
30 creatures vanquished.

No species were genocided or became extinct.

Farvel Kewl the Valkyrie...

You quit in The Dungeons of Doom on dungeon level 4 with 593 points,
and 63 pieces of gold, after 1784 moves.
You were level 4 with a maximum of 54 hit points when you quit.

